Workbook
Name _Hlk34300669: June!$K$69
Name Component: "Group"
Name FX_RATE: June!$C$249
Name pbCountingPages: FALSE

Sheet June
A1: MONTHLY UPDATE ON REGISTERED MUTUAL FUNDS AS AT 30TH JUNE, 2026
A2: S/N | B2: FUND | C2: FUND MANAGER | D2: TOTAL VALUE OF INVESTMENT (N) | E2: TOTAL INCOME (N) | F2: UNREALIZED CAPITAL GAIN/LOSS (N) | G2: TOTAL EXPENSES (N) | H2: NET INCOME/LOSS (N) | I2: NET ASSET VALUE (N) PREVIOUS - MAY | J2: % ON TOTAL | K2: NET ASSET VALUE (N) | L2: % ON TOTAL | M2: % CHANGE IN NAV | N2: EXPENSE RATIO | O2: RETURN ON EQUITY (ROE) | P2: NET ASSET PER UNIT | Q2: EARNINGS PER UNIT (EPU) | R2: BID PRICE (N) | S2: OFFER PRICE (N) | T2: NUMBER OF UNIT HOLDERS | U2: OPENING NUMBER OF UNITS | V2: CLOSING NUMBER OF UNITS
A4: EQUITY BASED FUNDS
A5: 1 | B5: Afrinvest Equity Fund | C5: Afrinvest Asset Management Ltd. | D5: 1.1683667e+10 | E5: 39969392 | F5: 3.2852615e+09 | G5: 22097891 | H5: =(E5+F5)-G5 -> 3.303133e+09 | I5: 1.5450535e+10 | J5: =(I5/$I$25) -> 0.058961147 | K5: 1.1713063e+10 | L5: =(K5/$K$25) -> 0.051223172 | M5: =((K5-I5)/I5) -> -0.24189919 | N5: =(G5/K5) -> 0.0018866022 | O5: =H5/K5 -> 0.2820042 | P5: =K5/V5 -> 836.14429 | Q5: =H5/V5 -> 235.7962 | R5: 836.14 | S5: 846.11 | T5: 1715 | U5: 16604368 | V5: 14008423
A6: 2 | B6: Anchoria Equity Fund | C6: Anchoria Asset Management Limited | D6: 2016408907 | E6: 2478868 | F6: 8.24596e+08 | G6: 3071571.5 | H6: =(E6+F6)-G6 -> 8.240033e+08 | I6: 2.6678108e+09 | J6: =(I6/$I$25) -> 0.010180695 | K6: 2.0390861e+09 | L6: =(K6/$K$25) -> 0.0089172626 | M6: =((K6-I6)/I6) -> -0.23567064 | N6: =(G6/K6) -> 0.0015063471 | O6: =H6/K6 -> 0.40410422 | P6: =K6/V6 -> 563.74745 | Q6: =H6/V6 -> 227.81272 | R6: 549.61 | S6: 557.62 | T6: 625 | U6: 4183130 | V6: 3617020.6
A7: 3 | B7: ARM Aggressive Growth Fund | C7: ARM Investment Managers Limited | D7: 16753306412 | E7: 171375414 | F7: -2471181828 | G7: 263143844 | H7: =(E7+F7)-G7 -> -2562950258 | I7: 18230982660 | J7: =(I7/$I$25) -> 0.069571679 | K7: 18200475206 | L7: =(K7/$K$25) -> 0.079593704 | M7: =((K7-I7)/I7) -> -0.0016733851 | N7: =(G7/K7) -> 0.014458075 | O7: =H7/K7 -> -0.14081777 | P7: =K7/V7 -> 69.573379 | Q7: =H7/V7 -> -9.7971678 | R7: 69.2255 | S7: 71.3127 | T7: 12471 | U7: 271765093 | V7: 261601138
A8: 4 | B8: AXA Mansard Equity Income Fund | C8: AXA Mansard Investments Limited | D8: 2.3969706e+09 | E8: 349431.49 | F8: 5.1784878e+08 | G8: 4583944.8 | H8: =(E8+F8)-G8 -> 5.1361427e+08 | I8: 3.2497877e+09 | J8: =(I8/$I$25) -> 0.012401591 | K8: 3.061318e+09 | L8: =(K8/$K$25) -> 0.013387653 | M8: =((K8-I8)/I8) -> -0.057994467 | N8: =(G8/K8) -> 0.0014973762 | O8: =H8/K8 -> 0.16777554 | P8: =K8/V8 -> 354.84067 | Q8: =H8/V8 -> 59.533583 | R8: 353.0665 | S8: 356.6149 | T8: 2711 | U8: 8504064.9 | V8: 8627303.1
A9: 5 | B9: CardinalStone Equity Fund | C9: CardinalStone Asset Mgt. Limited | D9: 1.1765447e+10 | E9: 1.1744922e+08 | F9: -1.3030402e+09 | G9: 15215145 | H9: =(E9+F9)-G9 -> -1.2008061e+09 | I9: 1.2549063e+10 | J9: =(I9/$I$25) -> 0.047888772 | K9: 1.2025212e+10 | L9: =(K9/$K$25) -> 0.052588252 | M9: =((K9-I9)/I9) -> -0.041744224 | N9: =(G9/K9) -> 0.0012652704 | O9: =H9/K9 -> -0.099857375 | P9: =K9/V9 -> 2.7831995 | Q9: =H9/V9 -> -0.277923 | R9: 27840 | S9: 2.7818 | T9: 2864 | U9: 4.1093353e+09 | V9: 4.3206432e+09
A10: 6 | B10: Cowry Equity Fund | C10: Cowry Treasurers Limited | D10: 6.8038338e+08 | E10: 15158578 | F10: 1.8951802e+08 | G10: 1031427.8 | H10: =(E10+F10)-G10 -> 2.0364517e+08 | I10: 7.7814985e+08 | J10: =(I10/$I$25) -> 0.0029695158 | K10: 6.7590371e+08 | L10: =(K10/$K$25) -> 0.0029558393 | M10: =((K10-I10)/I10) -> -0.13139646 | N10: =(G10/K10) -> 0.0015259982 | O10: =H10/K10 -> 0.30129316 | P10: =K10/V10 -> 364.4586 | Q10: =H10/V10 -> 109.80888 | R10: 364.46 | S10: 367.75 | T10: 204 | U10: 2397718.8 | V10: 1854541.8
A11: 7 | B11: FCMBAM Equity Fund | C11: FCMB Asset Management Limited | D11: 4.018529e+09 | E11: 15439597 | G11: 7112766.7 | H11: =(E11+F11)-G11 -> 8326830.5 | I11: 4.3232518e+09 | J11: =(I11/$I$25) -> 0.016498062 | K11: 3.9869154e+09 | L11: =(K11/$K$25) -> 0.017435444 | M11: =((K11-I11)/I11) -> -0.077797084 | N11: =(G11/K11) -> 0.0017840275 | O11: =H11/K11 -> 0.0020885396 | P11: =K11/V11 -> 7.744267 | Q11: =H11/V11 -> 0.016174208 | R11: 7.64 | S11: 7.79 | T11: 3844 | U11: 509051577 | V11: 5.1482153e+08
A12: 8 | B12: First Asset Nigeria Smart Beta Equity Fund | C12: First Asset Management Limited | D12: 6.877062e+09 | E12: 26393806 | F12: -4.8613352e+08 | G12: 11383698 | H12: =(E12+F12)-G12 -> -4.7112341e+08 | I12: 6.755317e+09 | J12: =(I12/$I$25) -> 0.025779123 | K12: 6.7892625e+09 | L12: =(K12/$K$25) -> 0.029690574 | M12: =((K12-I12)/I12) -> 0.0050250187 | N12: =(G12/K12) -> 0.0016767209 | O12: =H12/K12 -> -0.069392428 | P12: =K12/V12 -> 609.39471 | Q12: =H12/V12 -> -42.287379 | R12: 609.39 | S12: 617.35 | T12: 2893 | U12: 10468921 | V12: 11140994
A13: 9 | B13: Frontier Fund | C13: SCM Capital Limited | D13: 6.0287213e+08 | E13: 25941721 | F13: 65549140 | G13: 1843526.5 | H13: =(E13+F13-G13) -> 89647335 | I13: 6.4558774e+08 | J13: =(I13/$I$25) -> 0.0024636425 | K13: 5.7142377e+08 | L13: =(K13/$K$25) -> 0.0024989311 | M13: =((K13-I13)/I13) -> -0.11487823 | N13: =(G13/K13) -> 0.0032261985 | O13: =H13/K13 -> 0.15688415 | P13: =K13/V13 -> 285.43002 | Q13: =H13/V13 -> 44.779448 | R13: 285.43 | S13: 297.37 | T13: 2475 | U13: 2001975 | V13: 2001975
A14: 10 | B14: Futureview Equity Fund | C14: Futureview Asset Management Limited | D14: 157027637 | E14: 1185139.5 | F14: 31479186 | G14: 3973532.2 | H14: =(E14+F14)-G14 -> 28690793 | I14: 1.5803941e+08 | J14: =(I14/$I$25) -> 0.00060309788 | K14: 1.6390128e+08 | L14: =(K14/$K$25) -> 0.00071676753 | M14: =((K14-I14)/I14) -> 0.037091187 | N14: =(G14/K14) -> 0.024243449 | O14: =H14/K14 -> 0.17504924 | P14: =K14/V14 -> 493.222 | Q14: =H14/V14 -> 86.338135 | R14: 484.45 | S14: 500.7 | T14: 58 | U14: 298354.93 | V14: 332307.31
A15: 11 | B15: Guaranty Trust Equity Income Fund | C15: Guaranty Trust Fund Managers Limited | D15: 2.0355017e+10 | E15: 45736575 | F15: 2.4517553e+09 | G15: 39024773 | H15: =(E15+F15)-G15 -> 2.4584672e+09 | I15: 2.4295875e+10 | J15: =(I15/$I$25) -> 0.092716056 | K15: 20296188148 | L15: =(K15/$K$25) -> 0.088758605 | M15: =((K15-I15)/I15) -> -0.16462411 | N15: =(G15/K15) -> 0.0019227637 | O15: =H15/K15 -> 0.1211295 | P15: =K15/V15 -> 5.3962853 | Q15: =H15/V15 -> 0.65364935 | R15: 5.39 | S15: 5.46 | T15: 13505 | U15: 4.026687e+09 | V15: 3.7611407e+09
A16: 12 | B16: Halo Equity Fund | C16: Halo Nigeria Capital Management Limited | D16: 1.9333491e+08 | E16: 33320301 | F16: 0 | G16: 2383448.9 | H16: =(E16+F16)-G16 -> 30936852 | I16: 5.5714856e+08 | J16: =(I16/$I$25) -> 0.0021261476 | K16: 4.7947026e+08 | L16: =(K16/$K$25) -> 0.0020968031 | M16: =((K16-I16)/I16) -> -0.13942117 | N16: =(G16/K16) -> 0.0049710047 | O16: =H16/K16 -> 0.064522985 | P16: =K16/V16 -> 43.864475 | Q16: =H16/V16 -> 2.8302669 | R16: 43.864475 | S16: 44.31619 | T16: 117 | U16: 11765228 | V16: 10930719
A17: 13 | B17: Meristem Equity Market Fund | C17: Meristem Wealth Management Limited | D17: 9.6891471e+09 | E17: 22862347 | F17: -1.183944e+09 | G17: 14510847 | H17: =(E17+F17)-G17 -> -1.1755925e+09 | I17: 1.1441421e+10 | J17: =(I17/$I$25) -> 0.043661872 | K17: 9.5411417e+09 | L17: =(K17/$K$25) -> 0.041724999 | M17: =((K17-I17)/I17) -> -0.16608767 | N17: =(G17/K17) -> 0.0015208711 | O17: =H17/K17 -> -0.12321298 | P17: =K17/V17 -> 44.270985 | Q17: =H17/V17 -> -5.45476 | R17: 43.79 | S17: 44.11 | T17: 2356 | U17: 2.3600331e+08 | V17: 2.1551682e+08
A18: 14 | B18: Pacam Equity Fund | C18: PAC Asset Management Ltd. | D18: 3.7732469e+08 | E18: 2721934.6 | F18: 1.5348233e+08 | G18: 536008.69 | H18: =(E18+F18)-G18 -> 1.5566825e+08 | I18: 3.4711084e+08 | J18: =(I18/$I$25) -> 0.0013246178 | K18: 4.0558237e+08 | L18: =(K18/$K$25) -> 0.0017736791 | M18: =((K18-I18)/I18) -> 0.16845202 | N18: =(G18/K18) -> 0.0013215779 | O18: =H18/K18 -> 0.38381415 | P18: =K18/V18 -> 3.6582129 | Q18: =H18/V18 -> 1.4040739 | R18: 3.01 | S18: 3.06 | T18: 45 | U18: 1.08114e+08 | V18: 1.1086899e+08
A19: 15 | B19: Paramount Equity Fund | C19: Chapel Hill Denham Mgt. Limited | D19: 2.1096928e+10 | E19: 4.0367253e+08 | F19: -5.0315963e+09 | G19: 39525974 | H19: =(E19+F19)-G19 -> -4.6674498e+09 | I19: 2.576255e+10 | J19: =(I19/$I$25) -> 0.098313069 | K19: 2.0982432e+10 | L19: =(K19/$K$25) -> 0.091759664 | M19: =((K19-I19)/I19) -> -0.18554521 | N19: =(G19/K19) -> 0.0018837651 | O19: =H19/K19 -> -0.2224456 | P19: =K19/V19 -> 66.117475 | Q19: =H19/V19 -> -14.707542 | R19: 66.1175 | S19: 66.4783 | T19: 17164 | U19: 328440391 | V19: 317350780
A20: 16 | B20: Stanbic IBTC Aggressive Fund (Sub Fund) | C20: Stanbic IBTC Asset Mgt. Limited | D20: 4.2384352e+09 | E20: 63248510 | F20: -5.8217613e+08 | G20: 6467213.9 | H20: =(E20+F20)-G20 -> -5.2539483e+08 | I20: 3.5660189e+09 | J20: =(I20/$I$25) -> 0.013608368 | K20: 4.2556647e+09 | L20: =(K20/$K$25) -> 0.018610729 | M20: =((K20-I20)/I20) -> 0.19339376 | N20: =(G20/K20) -> 0.0015196718 | O20: =H20/K20 -> -0.12345776 | P20: =K20/V20 -> 16315.022 | Q20: =H20/V20 -> -2014.216 | R20: 16177.94 | S20: 16408.97 | T20: 88 | U20: 286639.43 | V20: 260843.34
A21: 17 | B21: Stanbic IBTC Nigerian Equity Fund | C21: Stanbic IBTC Asset Mgt. Limited | D21: 6.5229631e+10 | E21: 1.6302934e+09 | F21: -7.2527603e+09 | G21: 2.3999017e+08 | H21: =(E21+F21)-G21 -> -5.8624571e+09 | I21: 7.7321217e+10 | J21: =(I21/$I$25) -> 0.2950673 | K21: 6.6227835e+10 | L21: =(K21/$K$25) -> 0.28962533 | M21: =((K21-I21)/I21) -> -0.14347139 | N21: =(G21/K21) -> 0.0036237055 | O21: =H21/K21 -> -0.088519535 | P21: =K21/V21 -> 59237.412 | Q21: =H21/V21 -> -5243.6681 | R21: 58794.95 | S21: 59540.66 | T21: 33242 | U21: 1187382.6 | V21: 1118006.9
A22: 18 | B22: United Capital Equity Fund | C22: United Capital Asset Mgt. Ltd | D22: 14879426011 | E22: 77949413 | F22: -1543572491 | G22: 28556257 | H22: =(E22+F22)-G22 -> -1494179335 | I22: 1.8891089e+10 | J22: =(I22/$I$25) -> 0.072090727 | K22: 16886569563 | L22: =(K22/$K$25) -> 0.073847776 | M22: =((K22-I22)/I22) -> -0.10610927 | N22: =(G22/K22) -> 0.0016910632 | O22: =H22/K22 -> -0.088483296 | P22: =K22/V22 -> 2.6800253 | Q22: =H22/V22 -> -0.23713747 | R22: 5.36 | S22: 2.7 | T22: 4651 | U22: 6545853407 | V22: 6.3008994e+09
A23: 19 | B23: Zedcrest Equity Fund | C23: Zedcrest Investment Managers Limited | D23: 8.38428e+09 | E23: 3.3484852e+08 | F23: -1.6003636e+09 | G23: 17161661 | H23: =(E23+F23)-G23 -> -1.2826768e+09 | I23: 1.178658e+10 | J23: =(I23/$I$25) -> 0.044979042 | K23: 8.3164919e+09 | L23: =(K23/$K$25) -> 0.036369402 | M23: =((K23-I23)/I23) -> -0.29441008 | N23: =(G23/K23) -> 0.0020635698 | O23: =H23/K23 -> -0.15423291 | P23: =K23/V23 -> 1.8617433 | Q23: =H23/V23 -> -0.28714209 | R23: 1.8617 | S23: 1.8876 | T23: 1655 | U23: 6175725877 | V23: 4467045451
A24: 20 | B24: Zrosk Magna Equity Fund | C24: Zrosk Investment Management Limited | D24: 22466578668 | E24: 72454403 | F24: -2.4934894e+09 | G24: 46085866 | H24: =(E24+F24)-G24 -> -2.4671208e+09 | I24: 23268501583 | J24: =(I24/$I$25) -> 0.088795472 | K24: 22049336149 | L24: =(K24/$K$25) -> 0.096425413 | M24: =((K24-I24)/I24) -> -0.052395528 | N24: =(G24/K24) -> 0.0020901249 | O24: =H24/K24 -> -0.11189094 | P24: =K24/V24 -> 330.33277 | Q24: =H24/V24 -> -36.961242 | R24: 327.05 | S24: 332.6 | T24: 183 | U24: 63890057 | V24: 66748862
A25: Sub Total | I25: =SUM(I5:I24) -> 2.6204604e+11 | J25: =(I25/$I$247) -> 0.028940499 | K25: =SUM(K5:K24) -> 2.2866727e+11 | L25: =(K25/$K$247) -> 0.024874486 | M25: =((K25-I25)/I25) -> -0.12737748 | T25: =SUM(T5:T24) -> 102866
A27: MONEY MARKET FUNDS
A28: 21 | B28: Afrinvest Plutus Fund | C28: Afrinvest Asset Management Ltd. | D28: 6.7646511e+09 | E28: 92065507 | F28: 0 | G28: 11326165 | H28: =(E28+F28)-G28 -> 80739342 | I28: 5.8923436e+09 | J28: =(I28/$I$75) -> 0.0010096339 | K28: 6.5603831e+09 | L28: =(K28/$K$75) -> 0.0010913694 | M28: =((K28-I28)/I28) -> 0.11337416 | N28: =(G28/K28) -> 0.0017264488 | O28: =H28/K28 -> 0.012307108 | P28: =K28/V28 -> 100.23337 | Q28: =H28/V28 -> 1.2335828 | R28: 100 | S28: 100 | T28: 926 | U28: 58770370 | V28: 65451091
A29: 22 | B29: AIICO Money Market Fund | C29: AIICO Capital Ltd | D29: 4.2057363e+10 | E29: 7.1346012e+08 | F29: 0 | G29: 65738483 | H29: =(E29+F29)-G29 -> 6.4772164e+08 | I29: 4.0910525e+10 | J29: =(I29/$I$75) -> 0.0070098852 | K29: 4.2779092e+10 | L29: =(K29/$K$75) -> 0.0071166258 | M29: =((K29-I29)/I29) -> 0.045674488 | N29: =(G29/K29) -> 0.0015366965 | O29: =H29/K29 -> 0.01514108 | P29: =K29/V29 -> 104.10253 | Q29: =H29/V29 -> 1.5762247 | R29: 100 | S29: 100 | T29: 5218 | U29: 3.9774364e+08 | V29: 4.1093229e+08
A30: 23 | B30: Alpha10 Money Market Fund | C30: Alpha10 Fund Management Limited | D30: 1.1355245e+09 | E30: 29534188 | F30: 0 | G30: 3341122 | H30: =(E30+F30)-G30 -> 26193066 | I30: 1.6985068e+09 | J30: =(I30/$I$75) -> 0.00029103362 | K30: 2.1099917e+09 | L30: =(K30/$K$75) -> 0.00035101308 | M30: =((K30-I30)/I30) -> 0.24226268 | N30: =(G30/K30) -> 0.0015834764 | O30: =H30/K30 -> 0.012413824 | P30: =K30/V30 -> 0.99827745 | Q30: =H30/V30 -> 0.012392441 | R30: 1 | S30: 1 | T30: 223 | U30: 1705478144 | V30: 2113632495
A31: 24 | B31: Anchoria Money Market Fund | C31: Anchoria Asset Management Limited | D31: 3.90292e+09 | E31: 53825422 | F31: 0 | G31: 4927251.9 | H31: =(E31+F31)-G31 -> 48898170 | I31: 3.612153e+09 | J31: =(I31/$I$75) -> 0.00061893066 | K31: 4.0073418e+09 | L31: =(K31/$K$75) -> 0.00066665164 | M31: =((K31-I31)/I31) -> 0.10940533 | N31: =(G31/K31) -> 0.0012295562 | O31: =H31/K31 -> 0.012202146 | P31: =K31/V31 -> 127.46677 | Q31: =H31/V31 -> 1.5553682 | R31: 100 | S31: 100 | T31: 2068 | U31: 28357655 | V31: 31438325
A32: 25 | B32: Apel Wealth Money Market Fund | C32: Apel Wealth Management Limited | D32: 6.1869324e+08 | E32: 33138152 | F32: 0 | G32: 6064317.5 | H32: =(E32+F32)-G32 -> 27073835 | I32: 1.3806697e+09 | J32: =(I32/$I$75) -> 0.00023657326 | K32: 1.3943392e+09 | L32: =(K32/$K$75) -> 0.00023195889 | M32: =((K32-I32)/I32) -> 0.00990063 | N32: =(G32/K32) -> 0.0043492411 | O32: =H32/K32 -> 0.019416964 | P32: =K32/V32 -> 100 | Q32: =H32/V32 -> 1.9416964 | R32: 100 | S32: 100 | T32: 175 | U32: 13806697 | V32: 13943392
A33: 26 | B33: ARM Money Market Fund | C33: ARM Investment Managers Limited | D33: 164698488679 | E33: 6327291917 | F33: 0 | G33: 6327291917 | H33: =(E33+F33)-G33 -> 0 | I33: 405313077838 | J33: =(I33/$I$75) -> 0.069449076 | K33: 417819034405 | L33: =(K33/$K$75) -> 0.069507359 | M33: =((K33-I33)/I33) -> 0.030855053 | N33: =(G33/K33) -> 0.015143618 | O33: =H33/K33 -> 0 | P33: =K33/V33 -> 1 | Q33: =H33/V33 -> 0 | R33: 1 | S33: 1 | T33: 86739 | U33: 409672165072 | V33: 417819034405
A34: 27 | B34: AVA GAM Money Market Fund | C34: AVA Global Asset Managers Limited | D34: 1.261698e+09 | E34: 39647206 | F34: 0 | G34: 4637039.6 | H34: =(E34+F34)-G34 -> 35010166 | I34: 2.1463378e+09 | J34: =(I34/$I$75) -> 0.000367768 | K34: 2.1299579e+09 | L34: =(K34/$K$75) -> 0.00035433462 | M34: =((K34-I34)/I34) -> -0.007631572 | N34: =(G34/K34) -> 0.0021770569 | O34: =H34/K34 -> 0.016437023 | P34: =K34/V34 -> 0.94730251 | Q34: =H34/V34 -> 0.015570833 | R34: 1 | S34: 1 | T34: 419 | U34: 2241725075 | V34: 2248445345
A35: 28 | B35: AXA Mansard Money Market Fund | C35: AXA Mansard Investments Limited | D35: 4.9570563e+10 | E35: 2.4531369e+09 | F35: 0 | G35: 2.2906512e+08 | H35: =(E35+F35)-G35 -> 2.2240717e+09 | I35: 1.727699e+11 | J35: =(I35/$I$75) -> 0.02960356 | K35: 1.7618341e+11 | L35: =(K35/$K$75) -> 0.029309443 | M35: =((K35-I35)/I35) -> 0.019757526 | N35: =(G35/K35) -> 0.0013001515 | O35: =H35/K35 -> 0.012623616 | P35: =K35/V35 -> 1.0382366 | Q35: =H35/V35 -> 0.013106301 | R35: 1 | S35: 1 | T35: 41308 | U35: 1.6836682e+11 | V35: 1.6969485e+11
A36: 29 | B36: CardinalStone Money Market Fund | C36: CardinalStone Asset Mgt. Limited | D36: 3.0890836e+10 | E36: 3.517622e+08 | F36: 0 | G36: 38166399 | H36: =(E36+F36)-G36 -> 3.135958e+08 | I36: 2.8576468e+10 | J36: =(I36/$I$75) -> 0.0048964847 | K36: 3.0575254e+10 | L36: =(K36/$K$75) -> 0.0050864249 | M36: =((K36-I36)/I36) -> 0.069945163 | N36: =(G36/K36) -> 0.0012482774 | O36: =H36/K36 -> 0.010256523 | P36: =K36/V36 -> 1 | Q36: =H36/V36 -> 0.010256523 | R36: 1 | S36: 1 | T36: 1912 | U36: 2.8576468e+10 | V36: 3.0575254e+10
A37: 30 | B37: Chapel Hill Denham Money Market Fund | C37: Chapel Hill Denham Mgt. Limited | D37: 4.2680914e+10 | E37: 5.8865912e+08 | F37: 0 | G37: 68703299 | H37: =(E37+F37)-G37 -> 5.1995582e+08 | I37: 3.9645317e+10 | J37: =(I37/$I$75) -> 0.006793096 | K37: 4.2480905e+10 | L37: =(K37/$K$75) -> 0.0070670201 | M37: =((K37-I37)/I37) -> 0.071523892 | N37: =(G37/K37) -> 0.0016172749 | O37: =H37/K37 -> 0.012239754 | P37: =K37/V37 -> 100.00027 | Q37: =H37/V37 -> 1.2239787 | R37: 100 | S37: 100 | T37: 11440 | U37: 3.9645202e+08 | V37: 4.248079e+08
A38: 31 | B38: Comercio Partners Money Market Fund | C38: Comercio Partners Asset Management Limited | D38: 3.4141704e+09 | E38: 1.1028803e+08 | F38: 0 | G38: 4591660.7 | H38: =(E38+F38)-G38 -> 1.0569637e+08 | I38: 3.2955867e+09 | J38: =(I38/$I$75) -> 0.00056468805 | K38: 3.2442308e+09 | L38: =(K38/$K$75) -> 0.00053970236 | M38: =((K38-I38)/I38) -> -0.015583231 | N38: =(G38/K38) -> 0.0014153311 | O38: =H38/K38 -> 0.032579794 | P38: =K38/V38 -> 0.99877285 | Q38: =H38/V38 -> 0.032539814 | R38: 1 | S38: 1 | T38: 840 | U38: 3.3001212e+09 | V38: 3.2482169e+09
A39: 32 | B39: Coral Money Market Fund | C39: FSDH Asset Management Ltd | D39: 1.0506846e+11 | E39: 1.526586e+09 | F39: 0 | G39: 1.6438478e+08 | H39: =(E39+F39)-G39 -> 1.3622012e+09 | I39: 1.0200774e+11 | J39: =(I39/$I$75) -> 0.017478695 | K39: 1.0066075e+11 | L39: =(K39/$K$75) -> 0.016745677 | M39: =((K39-I39)/I39) -> -0.013204833 | N39: =(G39/K39) -> 0.0016330574 | O39: =H39/K39 -> 0.013532596 | P39: =K39/V39 -> 100 | Q39: =H39/V39 -> 1.3532596 | R39: 100 | S39: 100 | T39: 6318 | U39: 1.0200774e+09 | V39: 1.0066075e+09
... A52: 45 | B52: Greenwich Plus Money Market | C52: Greenwich Asst Management Ltd | D52: 4.3341256e+09 | E52: 5.2246397e+08 | F52: 0 | G52: 22876042 | H52: =(E52+F52)-G52 -> 4.9958793e+08 | I52: 1.3379146e+10 | J52: =(I52/$I$75) -> 0.0022924731 | K52: 1.3374498e+10 | L52: =(K52/$K$75) -> 0.0022249491 | M52: =((K52-I52)/I52) -> -0.00034737495 | N52: =(G52/K52) -> 0.0017104224 | O52: =H52/K52 -> 0.037353769 | P52: =K52/V52 -> 100.6755 | Q52: =H52/V52 -> 3.7606093 | R52: 100 | S52: 100 | T52: 2127 | U52: 134540812 | V52: 132847603
A53: 46 | B53: GTI Money Market Fund | C53: GTI Asset Management & Trust Limited | D53: 1.6317101e+08 | F53: 0 | G53: 214880.58 | H53: 2221712.9 | I53: 1.5015979e+08 | J53: =(I53/$I$75) -> 2.5729392e-05 | K53: 1.6210093e+08 | L53: =(K53/$K$75) -> 2.6966717e-05 | M53: =((K53-I53)/I53) -> 0.079522876 | N53: =(G53/K53) -> 0.0013255974 | O53: =H53/K53 -> 0.013705738 | P53: =K53/V53 -> 1.0805031 | Q53: =H53/V53 -> 0.014809092 | R53: 1 | S53: 1 | T53: 166 | U53: 1.4597084e+08 | V53: 1.5002357e+08
A54: 47 | B54: Guaranty Trust Investment Fund 724 | C54: Guaranty Trust Fund Managers Limited | D54: 4.7699221e+09 | E54: 59798503 | F54: 0 | G54: 5053340.5 | H54: =(E54+F54)-G54 -> 54745162 | I54: 3.146265e+09 | J54: =(I54/$I$75) -> 0.00053910226 | K54: 4.6262375e+09 | L54: =(K54/$K$75) -> 0.00076960963 | M54: =((K54-I54)/I54) -> 0.47039028 | N54: =(G54/K54) -> 0.0010923219 | O54: =H54/K54 -> 0.011833626 | P54: =K54/V54 -> 100 | Q54: =H54/V54 -> 1.1833626 | R54: 100 | S54: 100 | T54: 18215 | U54: 31462650 | V54: 46262375
A55: 48 | B55: Guaranty Trust Money Market Fund | C55: Guaranty Trust Fund Managers Limited | D55: 5.454971e+11 | E55: 7.9509924e+09 | F55: 0 | G55: 6.1712351e+08 | H55: =(E55+F55)-G55 -> 7.3338689e+09 | I55: 4.9278358e+11 | J55: =(I55/$I$75) -> 0.084436862 | K55: 5.4115034e+11 | L55: =(K55/$K$75) -> 0.090024455 | M55: =((K55-I55)/I55) -> 0.098150087 | N55: =(G55/K55) -> 0.001140392 | O55: =H55/K55 -> 0.013552369 | P55: =K55/V55 -> 100 | Q55: =H55/V55 -> 1.3552369 | R55: 100 | S55: 100 | T55: 52910 | U55: 4.9278358e+09 | V55: 5.4115034e+09
A56: 49 | B56: Mango Naira Money Maket Fund | C56: Mango Asset Management Limited | D56: 3.1352285e+09 | E56: 95647447 | G56: 10624280 | H56: =(E56+F56)-G56 -> 85023167 | I56: 5947919373 | J56: =(I56/$I$75) -> 0.0010191566 | K56: 6.2587333e+09 | L56: =(K56/$K$75) -> 0.0010411877 | M56: =((K56-I56)/I56) -> 0.052255908 | N56: =(G56/K56) -> 0.0016975129 | O56: =H56/K56 -> 0.013584724 | P56: =K56/V56 -> 100.00909 | Q56: =H56/V56 -> 1.3585959 | R56: 100 | S56: 100 | T56: 1043 | U56: 59479194 | V56: 62581647
A57: 50 | B57: Meristem Money Market Fund | C57: Meristem Wealth Management Limited | D57: 1.2135737e+11 | E57: 1.7356949e+09 | F57: 0 | G57: 1.6502716e+08 | H57: =(E57+F57)-G57 -> 1.5706677e+09 | I57: 1.1729415e+11 | J57: =(I57/$I$75) -> 0.02009797 | K57: 1.2264484e+11 | L57: =(K57/$K$75) -> 0.020402897 | M57: =((K57-I57)/I57) -> 0.045617682 | N57: =(G57/K57) -> 0.0013455696 | O57: =H57/K57 -> 0.012806636 | P57: =K57/V57 -> 10.009798 | Q57: =H57/V57 -> 0.12819184 | R57: 10 | S57: 10 | T57: 12041 | U57: 1.1739766e+10 | V57: 1.2252478e+10
A58: 51 | B58: Myrtle Nest(MyNest Money Market Fund) | C58: Myrtle Asset Management and Trust Limited | D58: 5.4476124e+08 | E58: 10636835 | F58: 0 | G58: 8370622.8 | H58: =(E58+F58)-G58 -> 2266212.7 | I58: 4.4021818e+08 | J58: =(I58/$I$75) -> 7.5429952e-05 | K58: 5.606891e+08 | L58: =(K58/$K$75) -> 9.3274876e-05 | M58: =((K58-I58)/I58) -> 0.27366184 | N58: =(G58/K58) -> 0.01492917 | O58: =H58/K58 -> 0.0040418347 | P58: =K58/V58 -> 1.324667 | Q58: =H58/V58 -> 0.0053540852 | R58: 1 | S58: 1 | T58: 334 | U58: 4.3770235e+08 | V58: 4.2326795e+08
A59: 52 | B59: Norrenberger Money Market Fund | C59: Norrenberger Investment and Capital Mgt Limited | D59: 4.6295522e+10 | E59: 8.3417031e+08 | F59: -1.040425e+08 | G59: 57661485 | H59: =(E59+F59)-G59 -> 6.7246632e+08 | I59: 45979499068 | J59: =(I59/$I$75) -> 0.0078784374 | K59: 46295521705 | L59: =(K59/$K$75) -> 0.0077016105 | M59: =((K59-I59)/I59) -> 0.0068731205 | N59: =(G59/K59) -> 0.0012455089 | O59: =H59/K59 -> 0.014525515 | P59: =K59/V59 -> 100 | Q59: =H59/V59 -> 1.4525515 | R59: 100 | S59: 100 | T59: 6880 | U59: 4.5979499e+08 | V59: 4.6295522e+08
A60: 53 | B60: NOVA Prime Money Market Fund | C60: NOVAMBL Asset Management Limited | D60: 1.1173127e+08 | E60: 831270.22 | F60: 0 | G60: 9379.76 | H60: =(E60+F60)-G60 -> 821890.46 | I60: 1.8369026e+08 | J60: =(I60/$I$75) -> 3.1474729e-05 | K60: 1.7872557e+08 | L60: =(K60/$K$75) -> 2.9732352e-05 | M60: =((K60-I60)/I60) -> -0.027027512 | N60: =(G60/K60) -> 5.2481354e-05 | O60: =H60/K60 -> 0.004598617 | P60: =K60/V60 -> 1.0119256 | Q60: =H60/V60 -> 0.0046534585 | R60: 1 | S60: 1 | T60: 100 | U60: 173369274 | V60: 176619274
A61: 54 | B61: PACAM Money Market Fund | C61: PAC Asset Management Ltd. | D61: 2.8625827e+09 | E61: 93625866 | F61: 0 | G61: 3505194 | H61: =(E61+F61)-G61 -> 90120672 | I61: 2.7882228e+09 | J61: =(I61/$I$75) -> 0.00047775289 | K61: 2.9171015e+09 | L61: =(K61/$K$75) -> 0.00048528192 | M61: =((K61-I61)/I61) -> 0.046222549 | N61: =(G61/K61) -> 0.0012016016 | O61: =H61/K61 -> 0.03089391 | P61: =K61/V61 -> 9.4682012 | Q61: =H61/V61 -> 0.29250975 | R61: 10 | S61: 10 | T61: 1026 | U61: 242946362 | V61: 3.0809459e+08
A62: 55 | B62: Page Money Market Fund | C62: Page Asset Management Limited | D62: 1.1201691e+09 | E62: 31825399 | F62: 0 | G62: 3765950.5 | H62: =(E62+F62)-G62 -> 28059449 | I62: 1963040035 | J62: =(I62/$I$75) -> 0.00033636052 | K62: 2177571765 | L62: =(K62/$K$75) -> 0.00036225555 | M62: =((K62-I62)/I62) -> 0.10928546 | N62: =(G62/K62) -> 0.0017294266 | O62: =H62/K62 -> 0.01288566 | P62: =K62/V62 -> 1 | Q62: =H62/V62 -> 0.01288566 | R62: 1 | S62: 1 | T62: 277 | U62: 1963040035 | V62: 2177571765
A63: 56 | B63: Parthian Money Market Fund | C63: Parthian Capital Ltd. | D63: 1.2618855e+09 | E63: 28777649 | F63: 0 | G63: 4262982.7 | H63: =(E63+F63)-G63 -> 24514666 | I63: 2.2719687e+09 | J63: =(I63/$I$75) -> 0.00038929443 | K63: 2.4273648e+09 | L63: =(K63/$K$75) -> 0.00040381051 | M63: =((K63-I63)/I63) -> 0.068397141 | N63: =(G63/K63) -> 0.0017562183 | O63: =H63/K63 -> 0.010099292 | P63: =K63/V63 -> 1 | Q63: =H63/V63 -> 0.010099292 | R63: 1 | S63: 1 | T63: 2599 | U63: 2.0928473e+09 | V63: 2.4273648e+09
A64: 57 | B64: RMBN Money Market Fund | C64: RMB Nigeria Asset Management Ltd. | D64: 2.0765134e+10 | E64: 3.0438053e+08 | F64: 0 | G64: 3.0438053e+08 | H64: =(E64+F64)-G64 -> 0 | I64: 1.332496e+10 | J64: =(I64/$I$75) -> 0.0022831885 | K64: 2.0714033e+10 | L64: =(K64/$K$75) -> 0.0034459362 | M64: =((K64-I64)/I64) -> 0.55452872 | N64: =(G64/K64) -> 0.014694412 | O64: =H64/K64 -> 0 | P64: =K64/V64 -> 99.598694 | Q64: =H64/V64 -> 0 | R64: 100 | S64: 100 | T64: 162 | U64: 1.3734801e+08 | V64: 2.0797494e+08
A65: 58 | B65: RT Briscoe Savings & Investment Fund | C65: DLM Asset Management Limited | D65: 4.5231746e+08 | E65: 4169438.4 | F65: 0 | G65: 465914.32 | H65: =(E65+F65)-G65 -> 3703524.1 | I65: 316455000 | J65: =(I65/$I$75) -> 5.4223534e-05 | K65: 429235000 | L65: =(K65/$K$75) -> 7.1406492e-05 | M65: =((K65-I65)/I65) -> 0.35638558 | N65: =(G65/K65) -> 0.0010854528 | O65: =H65/K65 -> 0.0086281969 | P65: =K65/V65 -> 1000 | Q65: =H65/V65 -> 8.6281969 | R65: 1000 | S65: 1000 | T65: 48 | U65: 316455 | V65: 429235
A66: 59 | B66: SCM Capital Money Market Fund | C66: SCM Capital Limited | D66: 2.5675949e+09 | E66: 39008122 | F66: 0 | G66: 38524050 | H66: =(E66+F66)-G66 -> 484071.28 | I66: 2.2331174e+09 | J66: =(I66/$I$75) -> 0.00038263739 | K66: 2.7304648e+09 | L66: =(K66/$K$75) -> 0.00045423349 | M66: =((K66-I66)/I66) -> 0.22271443 | N66: =(G66/K66) -> 0.014108971 | O66: =H66/K66 -> 0.0001772853 | P66: =K66/V66 -> 1 | Q66: =H66/V66 -> 0.0001772853 | R66: 1 | S66: 1 | T66: 582 | U66: 2.3864091e+09 | V66: 2.7304648e+09
A67: 60 | B67: Stanbic IBTC Money Market Fund | C67: Stanbic IBTC Asset Mgt. Limited | D67: 2.873701e+12 | E67: 4.0045174e+10 | F67: 0 | G67: 4.5866711e+09 | H67: =(E67+F67)-G67 -> 3.5458503e+10 | I67: 2.8275634e+12 | J67: =(I67/$I$75) -> 0.48449377 | K67: 2.8693585e+12 | L67: =(K67/$K$75) -> 0.47733951 | M67: =((K67-I67)/I67) -> 0.014781323 | N67: =(G67/K67) -> 0.0015985005 | O67: =H67/K67 -> 0.012357641 | P67: =K67/V67 -> 1 | Q67: =H67/V67 -> 0.012357641 | R67: 100 | S67: 100 | T67: 347258 | U67: 2.8275634e+12 | V67: 2.8693585e+12
A68: 61 | B68: STL Money Market Fund | C68: STL Asset Mgt. Limited | D68: 6.4818185e+09 | E68: 6.8254498e+08 | F68: 0 | G68: 95008237 | H68: =(E68+F68)-G68 -> 5.8753674e+08 | I68: 1.5319835e+10 | J68: =(I68/$I$75) -> 0.0026250038 | K68: 1.6387797e+10 | L68: =(K68/$K$75) -> 0.0027262341 | M68: =((K68-I68)/I68) -> 0.069711083 | N68: =(G68/K68) -> 0.005797499 | O68: =H68/K68 -> 0.035852088 | P68: =K68/V68 -> 100 | Q68: =H68/V68 -> 3.5852088 | R68: 100 | S68: 100 | T68: 1588 | U68: 1.5319835e+08 | V68: 1.6387797e+08
... A72: 65 | B72: Vetiva Money Market Fund | C72: Vetiva Fund Managers Limited | D72: 1.2148737e+10 | E72: 1.6157407e+08 | F72: 0 | G72: 16675259 | H72: =(E72+F72)-G72 -> 1.4489881e+08 | I72: 1.1360157e+10 | J72: =(I72/$I$75) -> 0.0019465259 | K72: 1.2105768e+10 | L72: =(K72/$K$75) -> 0.0020138861 | M72: =((K72-I72)/I72) -> 0.065633838 | N72: =(G72/K72) -> 0.0013774639 | O72: =H72/K72 -> 0.011969402 | P72: =K72/V72 -> 1.0331041 | Q72: =H72/V72 -> 0.012365639 | R72: 1 | S72: 1 | T72: 729 | U72: 1.1113198e+10 | V72: 1.1717859e+10
A73: 66 | B73: Zedcrest Money Market Fund | C73: Zedcrest Investment Managers Limited | D73: 6.2476668e+09 | E73: 3.0677396e+08 | G73: 41535116 | H73: =(E73+F73)-G73 -> 2.6523885e+08 | I73: 1.8172659e+10 | J73: =(I73/$I$75) -> 0.003113826 | K73: 1.9844321e+10 | L73: =(K73/$K$75) -> 0.0033012531 | M73: =((K73-I73)/I73) -> 0.091987765 | N73: =(G73/K73) -> 0.002093048 | O73: =H73/K73 -> 0.013365982 | P73: =K73/V73 -> 1.0049348 | Q73: =H73/V73 -> 0.013431941 | R73: 1 | S73: 1 | T73: 3687 | U73: 1.9746874e+10 | V73: 1.9746874e+10
A74: 67 | B74: Zenith Money Market Fund | C74: Zenith Asset Management Ltd | D74: 1.5733809e+11 | E74: 2.1937696e+09 | F74: 0 | G74: 1.8306074e+08 | H74: =(E74+F74)-G74 -> 2.0107089e+09 | I74: 1.556623e+11 | J74: =(I74/$I$75) -> 0.026672228 | K74: 1.5826617e+11 | L74: =(K74/$K$75) -> 0.026328775 | M74: =((K74-I74)/I74) -> 0.01672769 | N74: =(G74/K74) -> 0.0011566638 | O74: =H74/K74 -> 0.012704603 | P74: =K74/V74 -> 1.0385238 | Q74: =H74/V74 -> 0.013194032 | R74: 1 | S74: 1 | T74: 8790 | U74: 1.5204654e+11 | V74: 1.5239533e+11
A75: Sub Total | I75: =SUM(I28:I74) -> 5.8361191e+12 | J75: =(I75/$I$247) -> 0.64454399 | K75: =SUM(K28:K74) -> 6.0111482e+12 | L75: =(K75/$K$247) -> 0.65389428 | M75: =((K75-I75)/I75) -> 0.029990662 | T75: =SUM(T28:T74) -> 750973
A77: BOND/FIXED INCOME FUNDS
A78: 68 | B78: Anchoria Fixed Income Fund | C78: Anchoria Asset Management Limited | D78: 1.0445159e+09 | E78: 15682252 | F78: 0 | G78: 1471520.3 | H78: =(E78+F78)-G78 -> 14210731 | I78: 1.1401397e+09 | J78: =(I78/$I$116) -> 0.0048782223 | K78: 1.0692564e+09 | L78: =(K78/$K$116) -> 0.0044974106 | M78: =((K78-I78)/I78) -> -0.062170685 | N78: =(G78/K78) -> 0.001376209 | O78: =H78/K78 -> 0.013290293 | P78: =K78/V78 -> 1.716169 | Q78: =H78/V78 -> 0.022808389 | R78: 1.78 | S78: 1.78 | T78: 445 | U78: 6.4192433e+08 | V78: 6.2304845e+08
A79: 69 | B79: ARM Fixed Income Fund | C79: ARM Investment Managers Limited | D79: 1007647724 | E79: 16173442 | F79: 11536750 | G79: 2681168 | H79: =(E79+F79)-G79 -> 25029024 | I79: 1207175560 | J79: =(I79/$I$116) -> 0.0051650431 | K79: 1307433638 | L79: =(K79/$K$116) -> 0.0054992101 | M79: =((K79-I79)/I79) -> 0.083051779 | N79: =(G79/K79) -> 0.0020507106 | O79: =H79/K79 -> 0.019143629 | P79: =K79/V79 -> 1.3954966 | Q79: =H79/V79 -> 0.026714869 | R79: 1.3955 | S79: 1.4 | T79: 1578 | U79: 861842844 | V79: 936894870
A80: 70 | B80: ARM Short Term-Bond Fund | C80: ARM Investment Managers | D80: 513012541 | E80: 8396179 | F80: 2439898 | G80: 1489847 | H80: =(E80+F80)-G80 -> 9346230 | I80: 671867582 | J80: =(I80/$I$116) -> 0.0028746648 | K80: 690884783 | L80: =(K80/$K$116) -> 0.0029059376 | M80: =((K80-I80)/I80) -> 0.028304984 | N80: =(G80/K80) -> 0.0021564334 | O80: =H80/K80 -> 0.013527914 | P80: =K80/V80 -> 1.2577274 | Q80: =H80/V80 -> 0.017014428 | R80: 1.2577 | S80: 1.26 | T80: 889 | U80: 545402710 | V80: 549312033
A81: 71 | B81: AVA GAM Fixed Income Naira Fund | C81: AVA Global Asset Managers Limited | D81: 2.6165037e+08 | E81: 4580357.9 | F81: 0 | G81: 511723.19 | H81: =(E81+F81)-G81 -> 4068634.7 | I81: 3.2311867e+08 | J81: =(I81/$I$116) -> 0.0013825014 | K81: 3.0961314e+08 | L81: =(K81/$K$116) -> 0.001302267 | M81: =((K81-I81)/I81) -> -0.041797412 | N81: =(G81/K81) -> 0.0016527825 | O81: =H81/K81 -> 0.013141027 | P81: =K81/V81 -> 1188.3425 | Q81: =H81/V81 -> 15.616041 | R81: 1188.28 | S81: 1188.28 | T81: 98 | U81: 262046 | V81: 260542
A82: 72 | B82: CardinalStone Fixed Income Alpha Fund | C82: CardinalStone Asset Mgt. Limited | D82: 1.818168e+09 | E82: 25939590 | F82: 82925037 | G82: 2526784.1 | H82: =(E82+F82)-G82 -> 1.0633784e+08 | I82: 1.891762e+09 | J82: =(I82/$I$116) -> 0.008094127 | K82: 1.8094949e+09 | L82: =(K82/$K$116) -> 0.0076109351 | M82: =((K82-I82)/I82) -> -0.043487042 | N82: =(G82/K82) -> 0.001396403 | O82: =H82/K82 -> 0.05876659 | P82: =K82/V82 -> 1.1304688 | Q82: =H82/V82 -> 0.0664338 | R82: 1.1305 | S82: 1.13 | T82: 1185 | U82: 1.5506502e+09 | V82: 1.6006588e+09
A83: 73 | B83: CEAT Fixed Income Fund | C83: Capital Express Assset & Trust Limited | D83: 5.1808273e+08 | E83: 5734908.8 | F83: 0 | G83: 1014773.5 | H83: =(E83+F83)-G83 -> 4720135.2 | I83: 5.0935948e+08 | J83: =(I83/$I$116) -> 0.0021793546 | K83: 514113473 | L83: =(K83/$K$116) -> 0.002162418 | M83: =((K83-I83)/I83) -> 0.0093332826 | N83: =(G83/K83) -> 0.0019738318 | O83: =H83/K83 -> 0.0091811156 | P83: =K83/V83 -> 2.9279443 | Q83: =H83/V83 -> 0.026881796 | R83: 2.9234 | S83: 2.9234 | T83: 1389 | U83: 1.7558854e+08 | V83: 1.7558854e+08
A84: 74 | B84: CFG AM Fixed Income Naira Fund | C84: CFG Assset Management Limited | D84: 3.4228387e+09 | E84: 62219004 | F84: 0 | G84: 7872473.1 | H84: =(E84+F84)-G84 -> 54346531 | I84: 3.7469059e+09 | J84: =(I84/$I$116) -> 0.016031579 | K84: 4.742972e+09 | L84: =(K84/$K$116) -> 0.019949464 | M84: =((K84-I84)/I84) -> 0.26583697 | N84: =(G84/K84) -> 0.0016598186 | O84: =H84/K84 -> 0.011458328 | P84: =K84/V84 -> 1233.3404 | Q84: =H84/V84 -> 14.132019 | R84: 1233.34 | S84: 1233.34 | T84: 389 | U84: 3073892 | V84: 3845631
A85: 75 | B85: Chapel Hill Denham Nigeria Bond Fund | C85: Chapel Hill Denham Mgt. Limited | D85: 1.2011049e+09 | E85: 15912764 | F85: 50132260 | G85: 2460904.9 | H85: =(E85+F85)-G85 -> 63584119 | I85: 1.2139615e+09 | J85: =(I85/$I$116) -> 0.0051940777 | K85: 1.1931523e+09 | L85: =(K85/$K$116) -> 0.0050185303 | M85: =((K85-I85)/I85) -> -0.01714157 | N85: =(G85/K85) -> 0.0020625237 | O85: =H85/K85 -> 0.053290864 | P85: =K85/V85 -> 105.99559 | Q85: =H85/V85 -> 5.6485968 | R85: 105.99 | S85: 106.7 | T85: 3943 | U85: 10463294 | V85: 11256622
A86: 76 | B86: Comercio Partners Fixed Income Fund | C86: Comercio Partners Asset Management Limited | D86: 2.012657e+08 | E86: 11457423 | F86: 0 | G86: 439662.64 | H86: =(E86+F86)-G86 -> 11017760 | I86: 1.98928e+08 | J86: =(I86/$I$116) -> 0.00085113694 | K86: 1.9664649e+08 | L86: =(K86/$K$116) -> 0.00082711683 | M86: =((K86-I86)/I86) -> -0.011469047 | N86: =(G86/K86) -> 0.0022358021 | O86: =H86/K86 -> 0.056028259 | P86: =K86/V86 -> 11.99086 | Q86: =H86/V86 -> 0.671827 | R86: 11.9909 | S86: 12.0722 | T86: 47 | U86: 16399699 | V86: 16399699
A87: 77 | B87: Coral Income Fund | C87: FSDH Asset Management Ltd | D87: 2.1335817e+09 | E87: 26081071 | F87: 0 | G87: 4449732.8 | H87: =(E87+F87)-G87 -> 21631338 | I87: 2.1570632e+09 | J87: =(I87/$I$116) -> 0.0092292497 | K87: 2.1845708e+09 | L87: =(K87/$K$116) -> 0.009188546 | M87: =((K87-I87)/I87) -> 0.01275234 | N87: =(G87/K87) -> 0.0020368911 | O87: =H87/K87 -> 0.0099018708 | P87: =K87/V87 -> 4951.3296 | Q87: =H87/V87 -> 49.027426 | R87: 4951.33 | S87: 4951.33 | T87: 1262 | U87: 430761 | V87: 441208.93
A88: 78 | B88: Cordros Fixed Income Fund | C88: Cordros Asset Management Limited | D88: 3.4351351e+08 | E88: 4154739.3 | F88: 0 | G88: 720568.84 | H88: =(E88+F88)-G88 -> 3434170.5 | I88: 3.5658188e+08 | J88: =(I88/$I$116) -> 0.0015256777 | K88: 3.6143371e+08 | L88: =(K88/$K$116) -> 0.00152023 | M88: =((K88-I88)/I88) -> 0.013606495 | N88: =(G88/K88) -> 0.0019936404 | O88: =H88/K88 -> 0.0095015225 | P88: =K88/V88 -> 114.36755 | Q88: =H88/V88 -> 1.0866658 | R88: 114.24 | S88: 114.24 | T88: 99 | U88: 3154526 | V88: 3160282
A89: 79 | B89: Coronation Fixed Income Fund | C89: Coronation Asset Management Limited | D89: 1042462621 | E89: 15964148 | F89: 35896648 | G89: 2161112.2 | H89: =(E89+F89)-G89 -> 49699684 | I89: 1.0872532e+09 | J89: =(I89/$I$116) -> 0.0046519413 | K89: 1.0403817e+09 | L89: =(K89/$K$116) -> 0.00437596 | M89: =((K89-I89)/I89) -> -0.043110087 | N89: =(G89/K89) -> 0.0020772302 | O89: =H89/K89 -> 0.047770627 | P89: =K89/V89 -> 1.5464246 | Q89: =H89/V89 -> 0.073873675 | R89: 1.5464 | S89: 1.5464 | T89: 3030 | U89: 6.9036817e+08 | V89: 6.7276583e+08
... A113: 103 | B113: Utica Custodian Assured Fixed Income Fund | C113: Utica Capital Limited | D113: 104000000 | E113: 3125533.8 | F113: 0 | G113: 466480.29 | H113: =(E113+F113)-G113 -> 2659053.5 | I113: 1.1874802e+08 | J113: =(I113/$I$116) -> 0.00050807741 | K113: 1.1968263e+08 | L113: =(K113/$K$116) -> 0.00050339834 | M113: =((K113-I113)/I113) -> 0.0078705298 | N113: =(G113/K113) -> 0.0038976441 | O113: =H113/K113 -> 0.02221754 | P113: =K113/V113 -> 120.76506 | Q113: =H113/V113 -> 2.6831026 | R113: 120.7651 | S113: 120.7651 | T113: 85 | U113: 992538.84 | V113: 991036.85
A114: 104 | B114: Zedcrest Fixed Income Fund | C114: Zedcrest Investment Managers Limited | D114: 4.8764985e+08 | E114: 13766746 | G114: 987485.12 | H114: =(E114+F114)-G114 -> 12779261 | I114: 5.1714142e+08 | J114: =(I114/$I$116) -> 0.0022126506 | K114: 5.2189809e+08 | L114: =(K114/$K$116) -> 0.0021951609 | M114: =((K114-I114)/I114) -> 0.0091980046 | N114: =(G114/K114) -> 0.0018921034 | O114: =H114/K114 -> 0.024486123 | P114: =K114/V114 -> 1.4601373 | Q114: =H114/V114 -> 0.035753102 | R114: 1.4601 | S114: 1.46 | T114: 55 | U114: 3.5743083e+08 | V114: 3.5743083e+08
A115: 105 | B115: Zenith Income Fund | C115: Zenith Asset Management Ltd | D115: 2.0447945e+09 | E115: 24241118 | F115: 0 | G115: 4232.17 | H115: =(E115+F115)-G115 -> 24236886 | I115: 2.0639613e+09 | J115: =(I115/$I$116) -> 0.0088309021 | K115: 2.1099948e+09 | L115: =(K115/$K$116) -> 0.0088748707 | M115: =((K115-I115)/I115) -> 0.022303445 | N115: =(G115/K115) -> 2.0057728e-06 | O115: =H115/K115 -> 0.011486704 | P115: =K115/V115 -> 32.21282 | Q115: =H115/V115 -> 0.37001915 | R115: 32.1595 | S115: 32.1595 | T115: 1360 | U115: 64949093 | V115: 65501708
A116: Sub Total | I116: =SUM(I78:I115) -> 2.3372033e+11 | J116: =(I116/$I$247) -> 0.025812193 | K116: =SUM(K78:K115) -> 2.3774935e+11 | L116: =(K116/$K$247) -> 0.025862437 | M116: =((K116-I116)/I116) -> 0.017238661 | T116: =SUM(T78:T115) -> 64425
A118: DOLLAR FUNDS
A119: EUROBONDS
A120: 106 | B120: Afrinvest Dollar Fund | C120: Afrinvest Asset Management Ltd. | D120: 4.5508608e+09 | E120: 27015688 | F120: 12286766 | G120: 7841365.6 | H120: =(E120+F120)-G120 -> 31461089 | I120: 3.7676817e+09 | J120: =(I120/$I$160) -> 0.0020460767 | K120: 4.5197103e+09 | L120: =(K120/$K$160) -> 0.0024409742 | M120: =((K120-I120)/I120) -> 0.19959984 | N120: =(G120/K120) -> 0.0017349266 | O120: =H120/K120 -> 0.0069608639 | P120: =K120/V120 -> 164293.12 | Q120: =H120/V120 -> 1143.6221 | R120: =119.1234*C249 -> 164352.67 | S120: =119.1234*C249 -> 164352.67 | T120: 190 | U120: 23184.64 | V120: 27510.04
A121: 107 | B121: AIICO Eurobond Fund | C121: AIICO Capital Ltd | D121: =4078106.53*C249 -> 5.6264991e+09 | E121: =47682.29*C249 -> 65786502 | F121: 0 | G121: =6851.84*C249 -> 9453375.4 | H121: =(E121+F121)-G121 -> 56333127 | I121: 5.4047886e+09 | J121: =(I121/$I$160) -> 0.0029351237 | K121: =4072111.66*C249 -> 5.6182281e+09 | L121: =(K121/$K$160) -> 0.0030342541 | M121: =((K121-I121)/I121) -> 0.039490826 | N121: =(G121/K121) -> 0.0016826258 | O121: =H121/K121 -> 0.010026849 | P121: =K121/V121 -> 147011.73 | Q121: =H121/V121 -> 1474.0644 | R121: =100*C249 -> 137968.42 | S121: =100*C249 -> 137968.42 | T121: 117 | U121: 37034.26 | V121: 38216.19
A122: 108 | B122: ARM Eurobond Fund | C122: ARM Investment Managers Limited | D122: =8508250*C249 -> 1.1738698e+10 | E122: =77697*C249 -> 1.0719732e+08 | F122: =-41801*C249 -> -57672179 | G122: =22718*C249 -> 31343666 | H122: =(E122+F122)-G122 -> 18181478 | I122: 1.8368585e+10 | J122: =(I122/$I$160) -> 0.0099752412 | K122: =12679336*C249 -> 1.749348e+10 | L122: =(K122/$K$160) -> 0.0094477584 | M122: =((K122-I122)/I122) -> -0.047641414 | N122: =(G122/K122) -> 0.0017917342 | O122: =H122/K122 -> 0.0010393289 | P122: =K122/V122 -> 1705.6846 | Q122: =H122/V122 -> 1.7727673 | R122: =1.2363*C249 -> 1705.7036 | S122: =1.24*C249 -> 1710.8084 | T122: 346 | U122: 10481899 | V122: 10255987
A123: 109 | B123: ARM Short-Term Eurobond Fund | C123: ARM Investment Managers Limited | D123: =2009006*C249 -> 2.7717938e+09 | E123: =18566*C249 -> 25615217 | F123: =-1826*C249 -> -2519303.3 | G123: =6243*C249 -> 8613368.5 | H123: =(E123+F123)-G123 -> 14482545 | I123: 4.2943138e+09 | J123: =(I123/$I$160) -> 0.0023320694 | K123: =3164435*C249 -> 4.365921e+09 | L123: =(K123/$K$160) -> 0.0023579166 | M123: =((K123-I123)/I123) -> 0.01667489 | N123: =(G123/K123) -> 0.001972864 | O123: =H123/K123 -> 0.0033171798 | P123: =K123/V123 -> 1474.8203 | Q123: =H123/V123 -> 4.8922443 | R123: =1.069*C249 -> 1474.8824 | S123: =1.069*C249 -> 1474.8824 | T123: 127 | U123: 2934986 | V123: 2960307
A124: 110 | B124: CardinalStone Dollar Fund | C124: CardinalStone Asset Mgt. Limited | D124: =3633447783*C249 -> 5.0130105e+12 | E124: =663740.14*C249 -> 9.1575178e+08 | F124: =-632584.17*C249 -> -8.7276638e+08 | G124: 4890967 | H124: =(E124+F124)-G124 -> 38094433 | I124: 4.9336753e+10 | J124: =(I124/$I$160) -> 0.02679281 | K124: =36177981.6*C249 -> 4.991419e+10 | L124: =(K124/$K$160) -> 0.026957313 | M124: =((K124-I124)/I124) -> 0.011703984 | N124: =(G124/K124) -> 9.7987507e-05 | O124: =H124/K124 -> 0.00076319846 | P124: =K124/V124 -> 1790.987 | Q124: =H124/V124 -> 1.3668785 | R124: =1.2963*C249 -> 1788.4846 | S124: =1.2963*C249 -> 1788.4846 | T124: 743 | U124: 27693416 | V124: 27869655
A125: 111 | B125: Comercio Partners Dollar Fund | C125: Comercio Partners Asset Management Limited | D125: =996304.55*C249 -> 1.3745856e+09 | E125: =14404.37*C249 -> 19873482 | F125: 0 | G125: =1706.85*C249 -> 2354914 | H125: =(E125+F125)-G125 -> 17518568 | I125: 1.3744223e+09 | J125: =(I125/$I$160) -> 0.00074639358 | K125: =981854.56*C249 -> 1.3546492e+09 | L125: =(K125/$K$160) -> 0.00073160966 | M125: =((K125-I125)/I125) -> -0.014386455 | N125: =(G125/K125) -> 0.0017383939 | O125: =H125/K125 -> 0.01293218 | P125: =K125/V125 -> 1533.962 | Q125: =H125/V125 -> 19.837472 | R125: =1.1118*C249 -> 1533.9329 | S125: =1.119*C249 -> 1543.8666 | T125: 79 | U125: 905616.8 | V125: 883104.84
A126: 112 | B126: Cowry Eurobond Fund | C126: Cowry Treasurers Limited | D126: =704279.97*C249 -> 9.7168395e+08 | E126: =4059.91*C249 -> 5601393.7 | F126: 0 | G126: =1056.2*C249 -> 1457222.5 | H126: =(E126+F126)-G126 -> 4144171.2 | I126: 9.1977951e+08 | J126: =(I126/$I$160) -> 0.00049949534 | K126: =711498.15*C249 -> 9.8164276e+08 | L126: =(K126/$K$160) -> 0.00053015889 | M126: =((K126-I126)/I126) -> 0.067258776 | N126: =(G126/K126) -> 0.0014844733 | O126: =H126/K126 -> 0.0042216694 | P126: =K126/V126 -> 2016.8305 | Q126: =H126/V126 -> 8.5143915 | R126: =1.46*C249 -> 2014.3389 | S126: =1.48*C249 -> 2041.9326 | T126: 83 | U126: 524023.57 | V126: 486725.47
A127: 113 | B127: EDC Dollar Fund | C127: EDC Fund Management Limited | D127: =1021647.77*C249 -> 1.4095513e+09 | E127: =16278.8*C249 -> 22459603 | F127: 0 | G127: =4628.41*C249 -> 6385744.1 | H127: =(E127+F127)-G127 -> 16073859 | I127: 4.0244862e+09 | J127: =(I127/$I$160) -> 0.002185537 | K127: =2984554.9*C249 -> 4.1177432e+09 | L127: =(K127/$K$160) -> 0.0022238825 | M127: =((K127-I127)/I127) -> 0.023172399 | N127: =(G127/K127) -> 0.0015507874 | O127: =H127/K127 -> 0.0039035603 | P127: =K127/V127 -> 152616.41 | Q127: =H127/V127 -> 595.74734 | R127: =107.69*C249 -> 148578.19 | S127: =106.06*C249 -> 146329.31 | T127: 128 | U127: 26688 | V127: 26981
A128: 114 | B128: Emerging Africa Eurobond Fund | C128: Emerging Africa Asset Management Limited | D128: =3104363.66*C249 -> 4.2830415e+09 | E128: =19724.54*C249 -> 27213636 | F128: 0 | G128: =6309*C249 -> 8704427.6 | H128: =(E128+F128)-G128 -> 18509209 | I128: 4.4187114e+09 | J128: =(I128/$I$160) -> 0.0023996248 | K128: =3076020*C249 -> 4.2439362e+09 | L128: =(K128/$K$160) -> 0.0022920359 | M128: =((K128-I128)/I128) -> -0.039553432 | N128: =(G128/K128) -> 0.002051027 | O128: =H128/K128 -> 0.0043613306 | P128: =K128/V128 -> 150326.91 | Q128: =H128/V128 -> 655.62536 | R128: =114.86*C249 -> 158470.53 | S128: =114.86*C249 -> 158470.53 | T128: 78 | U128: 28277.07 | V128: 28231.38
A129: 115 | B129: FCMBAM USD Bond Fund | C129: FCMB Asset Management Limited | D129: =8436060.83*C249 -> 1.16391e+10 | E129: =47895.81*C249 -> 66081092 | F129: 0 | G129: =13687.7*C249 -> 18884703 | H129: =(E129+F129)-G129 -> 47196389 | I129: 1.165056e+10 | J129: =(I129/$I$160) -> 0.0063269517 | K129: =8364379.83*C249 -> 1.1540203e+10 | L129: =(K129/$K$160) -> 0.0062325535 | M129: =((K129-I129)/I129) -> -0.0094722985 | N129: =(G129/K129) -> 0.0016364274 | O129: =H129/K129 -> 0.0040897366 | P129: =K129/V129 -> 2109.1082 | Q129: =H129/V129 -> 8.6256969 | R129: =1.53*C249 -> 2110.9168 | S129: =1.53*C249 -> 2110.9168 | T129: 121 | U129: 5541089 | V129: 5471603
A130: 116 | B130: First Asset Dollar Fund | C130: First Asset Management Limited | D130: 5.6424805e+10 | E130: 3.7744574e+08 | F130: 0 | G130: 85455287 | H130: =(E130+F130)-G130 -> 2.9199046e+08 | I130: 5.3069362e+10 | J130: =(I130/$I$160) -> 0.028819841 | K130: 5.3037415e+10 | L130: =(K130/$K$160) -> 0.028644083 | M130: =((K130-I130)/I130) -> -0.00060199926 | N130: =(G130/K130) -> 0.0016112265 | O130: =H130/K130 -> 0.0055053674 | P130: =K130/V130 -> 183129.39 | Q130: =H130/V130 -> 1008.1946 | R130: =132.64*C249 -> 183001.31 | S130: =132.68*C249 -> 183056.5 | T130: 3979 | U130: 292724.82 | V130: 289617.16
A131: 117 | B131: First Asset Specialized Dollar Fund | C131: First Asset Management Limited | D131: 1.6664668e+11 | E131: 1.1479637e+09 | F131: 0 | G131: 2.5984215e+08 | H131: =(E131+F131)-G131 -> 8.8812159e+08 | I131: 1.6176239e+11 | J131: =(I131/$I$160) -> 0.087846663 | K131: 1.6401694e+11 | L131: =(K131/$K$160) -> 0.088581144 | M131: =((K131-I131)/I131) -> 0.013937397 | N131: =(G131/K131) -> 0.0015842397 | O131: =H131/K131 -> 0.0054148162 | P131: =K131/V131 -> 178825.24 | Q131: =H131/V131 -> 968.30583 | R131: =129.52*C249 -> 178696.7 | S131: =129.56*C249 -> 178751.88 | T131: 1557 | U131: 914146 | V131: 917191.2
A132: 118 | B132: FSL Eurobond Fund | C132: FSL Asset Management Limited | D132: =1385000*C249 -> 1910862617 | E132: =11825.47*C249 -> 16315414 | F132: 0 | G132: =1815.56*C249 -> 2504899.4 | H132: =(E132+F132)-G132 -> 13810515 | I132: 2.2513158e+09 | J132: =(I132/$I$160) -> 0.0012225993 | K132: =1639401.74*C249 -> 2.2618567e+09 | L132: =(K132/$K$160) -> 0.001221568 | M132: =((K132-I132)/I132) -> 0.0046820892 | N132: =(G132/K132) -> 0.0011074528 | O132: =H132/K132 -> 0.006105831 | P132: =K132/V132 -> 159740.49 | Q132: =H132/V132 -> 975.34845 | R132: =1*C249 -> 1379.6842 | S132: =1*C249 -> 1379.6842 | T132: 21 | U132: 13136.99 | V132: 14159.57
A133: 119 | B133: Futureview Dollar Fund | C133: Futureview Asset Management Limited | D133: =179392.65*C249 -> 2.475052e+08 | E133: =1659.38*C249 -> 2289420.4 | F133: 0 | G133: 5463.31 | H133: =(E133+F133)-G133 -> 2283957.1 | I133: 2.6797968e+08 | J133: =(I133/$I$160) -> 0.00014552901 | K133: =171131.31*C249 -> 2.3610716e+08 | L133: =(K133/$K$160) -> 0.00012751514 | M133: =((K133-I133)/I133) -> -0.11893633 | N133: =(G133/K133) -> 2.3139111e-05 | O133: =H133/K133 -> 0.0096733916 | P133: =K133/V133 -> 117.24535 | Q133: =H133/V133 -> 1.1341602 | R133: =146.9836*C249 -> 202790.95 | S133: =146.9836*C249 -> 202790.95 | T133: 11 | U133: =1459.6*C249 -> 2013787.1 | V133: =1459.6*C249 -> 2013787.1
A134: 120 | B134: Myrtle Dollar Shield Fund | C134: Myrtle Asset Management Limited | D134: =51184.67*C249 -> 70618680 | E134: =2912.43*C249 -> 4018233.7 | F134: 0 | G134: =223.76*C249 -> 308718.14 | H134: =(E134+F134)-G134 -> 3709515.5 | I134: 51074905 | J134: =(I134/$I$160) -> 2.7736731e-05 | K134: =54987.3*C249 -> 75865109 | L134: =(K134/$K$160) -> 4.0972708e-05 | M134: =((K134-I134)/I134) -> 0.48536955 | N134: =(G134/K134) -> 0.0040693033 | O134: =H134/K134 -> 0.0488962 | P134: =K134/V134 -> 1542.3766 | Q134: =H134/V134 -> 75.416354 | R134: =100*C249 -> 137968.42 | S134: =100*C249 -> 137968.42 | T134: 3 | U134: 37000 | V134: 49187.15
A135: 121 | B135: Norrenberger Dollar Fund | C135: Norrenberger Investment & Capital Management Limited | D135: 4.2860321e+10 | E135: 1.3874561e+09 | F135: -2.0228914e+08 | G135: 1.4935275e+08 | H135: =(E135+F135)-G135 -> 1.0358143e+09 | I135: 4.2518355e+10 | J135: =(I135/$I$160) -> 0.023090012 | K135: 4.4679996e+10 | L135: =(K135/$K$160) -> 0.024130466 | M135: =((K135-I135)/I135) -> 0.050840177 | N135: =(G135/K135) -> 0.0033427209 | O135: =H135/K135 -> 0.023182953 | P135: =K135/V135 -> 152001.21 | Q135: =H135/V135 -> 3523.837 | R135: 152001.21 | S135: 152001.21 | T135: 958 | U135: 288861 | V135: 293945
A136: 122 | B136: Pacam Eurobond Fund | C136: PAC Asset Management Ltd. | D136: =1882423.27*C249 -> 2.5971496e+09 | E136: =230780.44*C249 -> 3.1840413e+08 | F136: 0 | G136: =2695.6*C249 -> 3719076.7 | H136: =(E136+F136)-G136 -> 3.1468505e+08 | I136: 2.7674575e+09 | J136: =(I136/$I$160) -> 0.0015028951 | K136: =1883441.02*C249 -> 2.5985538e+09 | L136: =(K136/$K$160) -> 0.0014034091 | M136: =((K136-I136)/I136) -> -0.061032084 | N136: =(G136/K136) -> 0.0014312102 | O136: =H136/K136 -> 0.12110007 | P136: =K136/V136 -> 199563.31 | Q136: =H136/V136 -> 24167.131 | R136: =162.26*C249 -> 223867.56 | S136: =168.75*C249 -> 232821.71 | T136: 53 | U136: 12606.06 | V136: 13021.2
A137: 123 | B137: United Capital Nigerian Eurobond Fund | C137: United Capital Asset Mgt. Ltd | D137: =97518987*C249 -> 1.3454541e+11 | E137: =749940*C249 -> 1.0346804e+09 | F137: 0 | G137: =154457*C249 -> 2.1310188e+08 | H137: =(E137+F137)-G137 -> 8.2157849e+08 | I137: 1.5305727e+11 | J137: =(I137/$I$160) -> 0.083119261 | K137: =111262924*C249 -> 1.535077e+11 | L137: =(K137/$K$160) -> 0.082905385 | M137: =((K137-I137)/I137) -> 0.0029428682 | N137: =(G137/K137) -> 0.0013882163 | O137: =H137/K137 -> 0.0053520344 | P137: =K137/V137 -> 173120.63 | Q137: =H137/V137 -> 926.54756 | R137: =128.37*C249 -> 177110.06 | S137: =128.37*C249 -> 177110.06 | T137: 1090 | U137: 880870 | V137: 886709.46
A139: FIXED INCOME
A140: 124 | B140: Alpha10 Dollar Fund | C140: Alpha10 Fund Management Limited | D140: =415923.4*C249 -> 5.7384294e+08 | E140: =3133.18*C249 -> 4322798.9 | F140: 0 | G140: =726.83*C249 -> 1002795.9 | H140: =(E140+F140)-G140 -> 3320003.1 | I140: 4.8027427e+08 | J140: =(I140/$I$160) -> 0.00026081768 | K140: =455203.72*C249 -> 6.2803738e+08 | L140: =(K140/$K$160) -> 0.00033918612 | M140: =((K140-I140)/I140) -> 0.30766402 | N140: =(G140/K140) -> 0.0015967137 | O140: =H140/K140 -> 0.0052863144 | P140: =K140/V140 -> 1426.9393 | Q140: =H140/V140 -> 7.54325 | R140: =1.01*C249 -> 1393.481 | S140: =1.01*C249 -> 1393.481 | T140: 43 | U140: 340593 | V140: 440129
A141: 125 | B141: AVA GAM Fixed Income Dollar Fund | C141: AVA Global Asset Managers Limited | D141: =875740.85*C249 -> 1.2082458e+09 | E141: =8083.48*C249 -> 11152650 | F141: 0 | G141: =1785.45*C249 -> 2463357.2 | H141: =(E141+F141)-G141 -> 8689292.5 | I141: 1.4348585e+09 | J141: =(I141/$I$160) -> 0.00077921406 | K141: =1045850.97*C249 -> 1.4429441e+09 | L141: =(K141/$K$160) -> 0.00077929533 | M141: =((K141-I141)/I141) -> 0.0056350978 | N141: =(G141/K141) -> 0.0017071744 | O141: =H141/K141 -> 0.0060219192 | P141: =K141/V141 -> 161855.76 | Q141: =H141/V141 -> 974.68228 | R141: =117.31*C249 -> 161850.75 | S141: =117.31*C249 -> 161850.75 | T141: 30 | U141: 8916 | V141: 8915
A142: 126 | B142: AXA Mansard Dollar Bond Fund | C142: AXA Mansard Investments Limited | D142: =11140206.31*C249 -> 1.5369967e+10 | E142: =98462.36*C249 -> 1.3584696e+08 | F142: 0 | G142: =22269.83*C249 -> 30725333 | H142: =(E142+F142)-G142 -> 1.0512163e+08 | I142: 2.7944735e+10 | J142: =(I142/$I$160) -> 0.015175664 | K142: =20574556.13*C249 -> 2.838639e+10 | L142: =(K142/$K$160) -> 0.015330727 | M142: =((K142-I142)/I142) -> 0.015804587 | N142: =(G142/K142) -> 0.0010823966 | O142: =H142/K142 -> 0.0037032405 | P142: =K142/V142 -> 191546.48 | Q142: =H142/V142 -> 709.3427 | R142: =138.14*C249 -> 190589.58 | S142: =139.53*C249 -> 192507.34 | T142: 693 | U142: 147128.95 | V142: 148195.83
A143: 127 | B143: CFG AM Fixed Income Dollar Fund | C143: CFG Assset Management Limited | D143: =450535.7*C249 -> 6.2159699e+08 | E143: =3400.72*C249 -> 4691919.7 | F143: 0 | G143: =909.59*C249 -> 1254947 | H143: =(E143+F143)-G143 -> 3436972.7 | I143: 6.0050585e+08 | J143: =(I143/$I$160) -> 0.00032611062 | K143: =441925.97*C249 -> 6.0971828e+08 | L143: =(K143/$K$160) -> 0.00032929247 | M143: =((K143-I143)/I143) -> 0.01534112 | N143: =(G143/K143) -> 0.0020582407 | O143: =H143/K143 -> 0.0056369849 | P143: =K143/V143 -> 145865.62 | Q143: =H143/V143 -> 822.24227 | R143: =105.75*C249 -> 145901.6 | S143: =105.75*C249 -> 145901.6 | T143: 19 | U143: 4155 | V143: 4180
...

Sheet NAV Comparison
A4: FUNDS | B4: Apr 2026 | C4: May 2026 | D4: Jun 2026
A5: EQUITY BASED FUNDS | B5: 235.55134 | C5: =[1]May!K25/1000000000 -> 262.04604 | D5: =June!K25/1000000000 -> 228.66727
A6: MONEY MARKET FUNDS | B6: 5695.4341 | C6: =[1]May!K75/1000000000 -> 5836.1191 | D6: =June!K75/1000000000 -> 6011.1482
A7: BONDS/FIXED INCOME FUNDS | B7: 234.6244 | C7: =[1]May!K116/1000000000 -> 233.72033 | D7: =June!K116/1000000000 -> 237.74935
A8: DOLLAR FUNDS | B8: 1858.7018 | C8: =[1]May!K160/1000000000 -> 1841.4176 | D8: =June!K160/1000000000 -> 1851.6011
A9: REAL ESTATE INVESTMENT TRUST | B9: 526.89377 | C9: =[1]May!K169/1000000000 -> 527.75099 | D9: =June!K169/1000000000 -> 529.08902
A10: BALANCED FUNDS | B10: 144.17949 | C10: =[1]May!K202/1000000000 -> 157.21305 | D10: =June!K202/1000000000 -> 148.77127
A11: ETHICAL FUNDS | B11: 19.528485 | C11: =[1]May!K208/1000000000 -> 21.330556 | D11: =June!K208/1000000000 -> 18.413579
A12: SHARI'AH COMPLAINT FUNDS | B12: 133.72102 | C12: =[1]May!K236/1000000000 -> 143.95374 | D12: =June!K236/1000000000 -> 135.98274
A13: SPECIALISED FUNDS | B13: 30.829078 | C13: =[1]May!K246/1000000000 -> 31.096845 | D13: =June!K246/1000000000 -> 31.42159

Sheet Market Share
A1: FUNDS | B1: Jun 2026
A2: ETHICAL FUNDS | B2: =June!K208 -> 1.8413579e+10
A3: SPECIALISED FUNDS | B3: =June!K246 -> 3.142159e+10
A4: SHARI'AH COMPLAINT FUNDS | B4: =June!K236 -> 1.3598274e+11
A5: EQUITY BASED FUNDS | B5: =June!K25 -> 2.2866727e+11
A6: BALANCED FUNDS | B6: =June!K202 -> 1.4877127e+11
A7: BONDS/FIXED INCOME FUNDS | B7: =June!K116 -> 2.3774935e+11
A8: REAL ESTATE INVESTMENT TRUST | B8: =June!K169 -> 5.2908902e+11
A9: DOLLAR FUNDS | B9: =June!K160 -> 1.8516011e+12
A10: MONEY MARKET FUNDS | B10: =June!K75 -> 6.0111482e+12

Sheet Unitholders
A5: FUNDS | B5: UNIT HOLDERS
A6: EQUITY BASED FUNDS | B6: =June!T25 -> 102866
A7: MONEY MARKET FUNDS | B7: =June!T75 -> 750973
A8: BONDS/FIXED INCOME FUNDS | B8: =June!T116 -> 64425
A9: DOLLAR FUNDS | B9: =June!T160 -> 30355
A10: REAL ESTATE INVESTMENT TRUST | B10: =June!T169 -> 230697
A11: BALANCED FUNDS | B11: =June!T202 -> 97710
A12: ETHICAL FUNDS | B12: =June!T208 -> 18710
A13: SHARI'AH COMPLAINT FUNDS | B13: =June!T236 -> 40457
A14: SPECIALISED FUNDS | B14: =June!T246 -> 158
